 Dungeon Crawl Stone Soup version 0.29-a0-330-g52719c12eb (webtiles) character file.

Game seed: 8530479866961529042

355 Anon1729 the Slasher (level 6, -5/56 HPs)
             Began as a Minotaur Monk on May 13, 2022.
             Was a Priest of Trog.
             Succumbed to a scorpion's poison
             ... on level 4 of the Dungeon.
             The game lasted 00:02:49 (3843 turns).

Anon1729 the Slasher (Minotaur Monk)                Turns: 3843, Time: 00:02:50

Health: -5/56      AC:  4    Str: 15 (16) XL:     6   Next: 36%
Magic:  5/5        EV: 13    Int:  5 (7)  God:    Trog [***...]
Gold:   236        SH:  0    Dex: 13 (14) Spells: 5/5 levels left

rFire   . . .      SeeInvis .   a - +0 falchion
rCold   . . .      Faith    .   (no shield)
rNeg    . . .      Spirit   .   b - +0 robe
rPois   .          Reflect  .   (helmet restricted)
rElec   .          Harm     .   (no cloak)
rCorr   .          Rampage  .   d - +0 pair of gloves
Will    ++...                   r - +0 pair of boots
Stlth   ++........              (no amulet)
HPRegen 1.18/turn               (no ring)
MPRegen 0.09/turn               (no ring)

@: lethally poisoned (-5 -> -23), strong-willed, regenerating
A: horns 2, retaliatory headbutt
a: Renounce Religion, Berserk, Trog's Hand


You were on level 4 of the Dungeon.
You worshipped Trog.
Trog was most pleased with you.
You visited 1 branch of the dungeon, and saw 4 of its levels.

You collected 236 gold pieces.

Inventory:

Hand Weapons
 a - a +0 falchion (weapon)
Armour
 b - a +0 robe (worn)
 d - a +0 pair of gloves (worn)
 r - a +0 pair of boots (worn)
Jewellery
 q - an amulet of magic regeneration
 t - an amulet of reflection
Scrolls
 f - 2 scrolls of teleportation {unknown}
 j - a scroll of holy word {unknown}
 l - 3 scrolls of enchant weapon {unknown}
 m - 3 scrolls of immolation {unknown}
 o - 8 scrolls of identify {unknown}
 u - a scroll of noise {unknown}
 w - 2 scrolls of magic mapping {unknown}
Potions
 e - a potion of berserk rage {unknown}
 g - a potion of lignification {unknown}
 h - a potion of flight {unknown}
 i - a potion of brilliance {unknown}
 k - a potion of curing {unknown}
 n - 2 potions of heal wounds {unknown}
 p - a potion of haste {unknown}
 s - a potion of degeneration
 v - a potion of might {unknown}


   Skills:
 + Level 5.0 Fighting
 * Level 6.1 Long Blades
 + Level 4.5 Dodging
 + Level 3.0 Stealth


You had 5 spell levels left.
You didn't know any spells.
Your spell library contained the following spells:

 Spells                   Type           Power      Damage    Failure   Level
 Confusing Touch          Hex            0%         N/A       85%         3
 Yara's Violent Unravell  Hex/Tmut       0%         3d3       100%        5
 Enfeeble                 Hex            0%         N/A       100%        7


Dungeon Overview and Level Annotations

Branches:
Dungeon (4/15)
 Temple: D:4-7

Altars:
Cheibriados
Elyvilon
Okawaru
Trog
Uskayaw
Xom

Annotations:
D:4 2 runed translucent doors


Innate Abilities, Weirdness & Mutations

You have a pair of horns on your head.
You reflexively headbutt those who attack you in melee.


Message History

The adder poisons you!
* * * LOW HITPOINT WARNING * * *
You feel very sick. The scorpion stings you.
* * * LOW HITPOINT WARNING * * *
You closely miss the scorpion. Your headbutt misses the scorpion.
The scorpion is severely wounded.
* * * LOW HITPOINT WARNING * * *
You feel very sick. The scorpion barely misses you.
Your skin crawls.
You feel strong-willed.
* * * LOW HITPOINT WARNING * * *
You feel very sick. The scorpion stings you.
* * * LOW HITPOINT WARNING * * *
You are confused.
You feel invigorated.
You feel very sick. The scorpion closely misses you.
You bump into the rock wall.
You feel very sick. The scorpion stings you.
* * * LOW HITPOINT WARNING * * *
You are lethally poisoned!
The scorpion poisons you!
Okay, then.
You bump into the rock wall.
You feel less invigorated.
You feel less confused.
* * * LOW HITPOINT WARNING * * *
You feel very sick. The scorpion stings you.
* * * LOW HITPOINT WARNING * * *
You are lethally poisoned!
The scorpion poisons you! The scorpion stings you!
* * * LOW HITPOINT WARNING * * *
It was a potion of degeneration.
There was something very wrong with that liquid.
You feel weakened.
You feel dopey.
You feel clumsy.
You die...

##### # #...# ###.#
###.#.### #....#
#...#...#####...#...
#.#####....@sS.....#
#...#...#####...####
###.#.### #.#....
#...# .# ... ##.## #
. #.# #.#######
#.......# #######.#


You could see a scorpion and an adder.

Vanquished Creatures
  Eustachio (D:4)
  An orc priest (D:3)
  A gnoll shaman (D:3)
  An iguana (D:3)
  Natasha (D:2)
  4 gnolls
  2 adders (D:2)
  8 orcs (D:3)
  4 bats
  3 endoplasms
  A giant cockroach (D:2)
  3 goblins
  6 hobgoblins
  3 jackals (D:3)
  2 quokkas
  3 ball pythons
  4 kobolds (D:3)
  5 rats
53 creatures vanquished.

Notes
Turn   | Place    | Note
-------+----------+-------------------------------------------
     0 | D:1      | Anon1729 the Minotaur Monk began the quest for the Orb.
     0 | D:1      | Reached XP level 1. HP: 19/19 MP: 0/0
   269 | D:1      | Reached XP level 2. HP: 27/27 MP: 1/1
   328 | D:1      | Reached skill level 4 in Long Blades
   367 | D:1      | Found a faded altar of an unknown god.
   369 | D:1      | Noticed a shining eye
   369 | D:1      | Noticed a great orb of eyes
   380 | D:1      | Noticed an eye of devastation
   380 | D:1      | Noticed a great orb of eyes
   386 | D:1      | Prayed at the altar of an unknown god.
   386 | D:1      | Became a worshipper of Trog the Wrathful
   386 | D:1      | Reached * piety under Trog
   386 | D:1      | Reached ** piety under Trog
   792 | D:2      | Reached XP level 3. HP: 26/33 MP: 2/2
  1384 | D:2      | Noticed Natasha
  1399 | D:2      | Killed Natasha
  1707 | D:3      | Reached XP level 4. HP: 40/40 MP: 3/3
  2065 | D:3      | Reached skill level 5 in Long Blades
  2074 | D:3      | Reached *** piety under Trog
  2347 | D:3      | Found a hide-covered altar of Uskayaw.
  2348 | D:3      | Found an iron altar of Okawaru.
  2349 | D:3      | Found a shimmering altar of Xom.
  2351 | D:3      | Found a snail-covered altar of Cheibriados.
  2676 | D:3      | Reached XP level 5. HP: 18/47 MP: 4/4
  3143 | D:3      | Found a white marble altar of Elyvilon.
  3639 | D:4      | Found a large runed translucent door.
  3639 | D:4      | Found a large runed translucent door.
  3693 | D:4      | Noticed Eustachio
  3717 | D:4      | Killed Eustachio
  3718 | D:4      | Reached skill level 5 in Fighting
  3718 | D:4      | Reached skill level 6 in Long Blades
  3718 | D:4      | Reached XP level 6. HP: 43/56 MP: 5/5
  3842 | D:4      | HP: 1/56 [scorpion (7)]
  3843 | D:4      | Succumbed to a scorpion's poison

Illustrated notes

Levels and vault maps discovered:
D:1:      dpeg_arrival_ternary, layout_basic,
          hellmonk_ecumenical_altar_watching_god
D:2:      layout_basic, nrook_campfire, uniq_natasha
D:3:      layout_basic, elyvilon_altar_1, mainiacjoe_overflow_alcove_3
D:4:      cheibrodos_helix_gallery, layout_loops_ring,
          ebering_ghost_disaster_area, uniq_eustachio, uniq_sigmund

Skill      XL: |  1  2  3  4  5 |
---------------+----------------+-----
Long Blades    | 4 5 6 |  6.1
Fighting       | 4 5 |  5.0
Stealth        | 2 3 |  3.0
Dodging        | 4 |  4.5

Action                   |  1- 3 |  4- 6 || total
-------------------------+-------+-------++-------
Melee: Falchion          |    63 |    88 ||   151
       Headbutt          |     9 |    15 ||    24
Invok: Berserk           |     1 |     1 ||     2
       Trog's Hand       |       |     1 ||     1
  Use: Potion            |       |     2 ||     2
 Stab: Sleeping          |     6 |     2 ||     8
Armor: Robe              |    24 |    14 ||    38
Dodge: Dodged            |    36 |    53 ||    89

Table legend: (Time is in decaauts)
 A = Elapsed time spent in this place.
 B = Non-inter-level travel time spent in this place.
 C = Inter-level travel time spent in this place.
 D = Time resting spent in this place.
 E = Time spent auto-exploring this place.
 F = Levels seen in this place.
 G = Mean time per level.
                   A        B        C        D        E       F      G
               +--------+--------+--------+--------+--------+-----+--------+
         Total |   3881 |   3812 |     69 |    429 |   2909 |   4 |  970.2 |
       Dungeon |   3881 |   3812 |     69 |    429 |   2909 |   4 |  970.2 |
               +--------+--------+--------+--------+--------+-----+--------+

Top non-repeatable levels by time:
     D:3: 1634 daAuts
     D:2: 1227 daAuts
     D:1: 646 daAuts
     D:4: 372 daAuts
